Workbook

Sheet BDI (00,00%)
B4: Quadro de Composição do BDI
B6: Construção e Reforma de Edifícios
B8: Conforme legislação tributária municipal, definir estimativa de percentual da base de cálculo para o ISS: | G8: 0
B9: Sobre a base de cálculo, definir a respectiva alíquota do ISS (entre 2% e 5%): | G9: 0
B11: Itens | C11: Siglas | D11: Preencher percentuais das parcelas do BDI | E11: Situação intervalo admissível | F11: 1º Quartil | G11: Médio | H11: 3º Quartil
B12: Administração Central | C12: AC | D12: 0 | E12: - | F12: 0.03 | G12: 0.04 | H12: 0.055
B13: Seguro e Garantia | C13: SG | D13: 0 | E13: - | F13: 0.008 | G13: 0.008 | H13: 0.01
B14: Risco | C14: R | D14: 0 | E14: - | F14: 0.0097 | G14: 0.0127 | H14: 0.0127
B15: Despesas Financeiras | C15: DF | D15: 0 | E15: - | F15: 0.0059 | G15: 0.0123 | H15: 0.0139
B16: Lucro | C16: L | D16: 0 | E16: - | F16: 0.0616 | G16: 0.074 | H16: 0.0896
B17: Tributos (impostos COFINS 3%, e PIS 0,65%) | C17: CP | D17: 0 | E17: =IF(AND(D17>=F17, D17<=H17), "OK", "Não OK") -> Não OK | F17: 0.0365 | G17: 0.0365 | H17: 0.0365
B18: Tributos (ISS, variável de acordo com o município) | C18: ISS | D18: =G9*G8 -> 0 | E18: =IF(AND(D18>=F18, D18<=H18), "OK", "Não OK") -> OK | F18: 0 | G18: 0.025 | H18: 0.05
B19: Tributos (Contribuição Previdenciária - 0% ou 4,5%, conforme Lei 13.161/2015 - Desoneração) | C19: CPRB | D19: 0 | E19: =IF(AND(D19>=F19, D19<=H19), "OK", "Não OK") -> OK | F19: 0 | G19: 0.02 | H19: 0.045
B20: Fórmula de BDI adotado conforme Acórdão TCU | C20: BDI PAD | D20: =ROUND((((1+D12+D13+D14)*(1+D15)*(1+D16)/(1-(D17+D18)))-1),4) -> 0 | E20: =IF(AND(D20>=F20, D20<=H20), "OK", "Não OK") -> Não OK | F20: 0.2034 | G20: 0.2212 | H20: 0.25
B21: BDI SINAPI DESONERADO (A ser aplicado na Planilha Orçamentária) | C21: BDI DES | D21: =ROUND((((1+D12+D13+D14)*(1+D15)*(1+D16)/(1-(D17+D18+D19)))-1),4) -> 0 | E21: =IF(COUNTIF($E$12:$E$20,"NÃO OK")>0,"NÃO OK","OK") -> NÃO OK
B23: Os valores de BDI foram calculados com o emprego da fórmula abaixo:
B25: Declaro para os devidos fins que, conforme legislação tributária municipal, a base de cálculo para Construção e Reforma de Edifícios, é de 50%, com a respectiva alíquota de 5%.
B26: Declaro para os devidos fins que para o cálculo deste BDI, optamos pelo Orçamento SEM DESONERAÇÃO, e que esta alternativa é a mais adequada para a Administração Pública.

Sheet planilha
B4: PLANILHA ORÇAMENTÁRIA - SEM DESONERAÇÃO | I4: 46261
B7: Unidade | C7: COMPLEXO DE DOENÇAS CRÔNICAS TRANSMISSÍVEIS. | I7: BDI= | J7: ='BDI (00,00%)'!D21 -> 0
B8: Objeto | C8: REFORMA E ADEQUAÇÃO DA UNIDADE | I8: LEIS SOCIAIS=
B9: Local | C9: RUA IPIRANGA, 291
C10: VILA CURTI | G10: Cidade: | H10: SÃO JOSÉ DO RIO PRETO - SP
B13: REF.: PREÇOS: SINAPI-JUL./2026; CDHU-BOL.202; FDE-JUL./2026
B15: ITEM | C15: FONTE | D15: CÓDIGO | E15: DESCRIÇÃO | F15: UNID | G15: QUANT | H15: CUSTO UNITÁRIO (R$) | I15: UNITÁRIO COM BDI (R$) | J15: VALOR TOTAL COM BDI (R$)
B16: 1 | E16: SERVIÇOS PRELIMINARES | J16: =J17 -> 0
B17: 1.1 | E17: CANTEIRO | J17: =SUM(J18:J19) -> 0
B18: 1.1.1 | C18: CDHU-D | D18: 02.02.150 | E18: LOCAÇÃO DE CONTAINER TIPO DEPÓSITO - ÁREA MÍNIMA DE 13,80 M² | F18: UNXMÊS | G18: 2 | H18: 0 | I18: =ROUND(ROUND(H18,2)*(1+J$7),2) -> 0 | J18: =ROUND(G18*I18,2) -> 0
B19: 1.1.2 | C19: CDHU-D | D19: 02.08.050 | E19: PLACA EM LONA COM IMPRESSÃO DIGITAL E ESTRUTURA EM MADEIRA | F19: M2 | G19: 4.5 | H19: 0 | I19: =ROUND(ROUND(H19,2)*(1+J$7),2) -> 0 | J19: =ROUND(G19*I19,2) -> 0
B20: 2 | E20: DEMOLIÇÕES E RETIRADAS | J20: =J21+J28+J30+J33 -> 0
B21: 2.1 | E21: CIRCULAÇÃO 5 | J21: =SUM(J22:J27) -> 0
B22: 2.1.1 | C22: FDE | D22: 13.50.002 | E22: DEMOLIÇAO PISO GRANILITE, LADRILHO HIDRAULICO, CERAMICO, CACOS, INCLUSIVE BASE | F22: M2 | G22: 32.33 | H22: 0 | I22: =ROUND(ROUND(H22,2)*(1+J$7),2) -> 0 | J22: =ROUND(G22*I22,2) -> 0
B23: 2.1.2 | C23: FDE | D23: 13.50.016 | E23: DEMOLICAO RODAPES EM GERAL INCLUSIVE ARGAMASSA ASSENTAMENTO | F23: M | G23: 33.4 | H23: 0 | I23: =ROUND(ROUND(H23,2)*(1+J$7),2) -> 0 | J23: =ROUND(G23*I23,2) -> 0
B24: 2.1.3 | C24: CDHU-D | D24: 04.09.020 | E24: RETIRADA DE ESQUADRIA METÁLICA EM GERAL | F24: M2 | G24: 8.84 | H24: 0 | I24: =ROUND(ROUND(H24,2)*(1+J$7),2) -> 0 | J24: =ROUND(G24*I24,2) -> 0
B25: 2.1.4 | C25: SINAPI | D25: 97631 | E25: DEMOLIÇÃO DE ARGAMASSAS, DE FORMA MANUAL, SEM REAPROVEITAMENTO. AF_09/2023 | F25: M2 | G25: 4.81 | H25: 0 | I25: =ROUND(ROUND(H25,2)*(1+J$7),2) -> 0 | J25: =ROUND(G25*I25,2) -> 0
B26: 2.1.5 | C26: CDHU-D | D26: 03.10.140 | E26: REMOÇÃO DE PINTURA EM MASSA COM LIXAMENTO | F26: M2 | G26: 138.48 | H26: 0 | I26: =ROUND(ROUND(H26,2)*(1+J$7),2) -> 0 | J26: =ROUND(G26*I26,2) -> 0
B27: 2.1.6 | C27: CDHU-D | D27: 05.07.040 | E27: REMOÇÃO DE ENTULHO SEPARADO DE OBRA COM CAÇAMBA METÁLICA - TERRA, ALVENARIA, CONCRETO, ARGAMASSA, MADEIRA, PAPEL, PLASTICO OU METAL. | F27: M3 | G27: 4.61 | H27: 0 | I27: =ROUND(ROUND(H27,2)*(1+J$7),2) -> 0 | J27: =ROUND(G27*I27,2) -> 0
B28: 2.2 | E28: REFEITORIO | J28: =SUM(J29:J29) -> 0
B29: 2.2.1 | C29: CDHU-D | D29: 03.10.140 | E29: REMOÇÃO DE PINTURA EM MASSA COM LIXAMENTO | F29: M2 | G29: 88.61 | H29: 0 | I29: =ROUND(ROUND(H29,2)*(1+J$7),2) -> 0 | J29: =ROUND(G29*I29,2) -> 0
B30: 2.3 | E30: SAE - CIRCULAÇÃO 2 | J30: =SUM(J31:J32) -> 0
B31: 2.3.1 | C31: SINAPI | D31: 97644 | E31: REMOÇÃO DE PORTAS, DE FORMA MANUAL, SEM REAPROVEITAMENTO. AF_09/2023 | F31: M2 | G31: 1.89 | H31: 0 | I31: =ROUND(ROUND(H31,2)*(1+J$7),2) -> 0 | J31: =ROUND(G31*I31,2) -> 0
B32: 2.3.2 | C32: FDE | D32: 13.50.016 | E32: DEMOLICAO RODAPES EM GERAL INCLUSIVE ARGAMASSA ASSENTAMENTO | F32: M | G32: 1 | H32: 0 | I32: =ROUND(ROUND(H32,2)*(1+J$7),2) -> 0 | J32: =ROUND(G32*I32,2) -> 0
B33: 2.4 | E33: SAE - A.C. | J33: =SUM(J34) -> 0
B34: 2.4.1 | C34: SINAPI | D34: 97638 | E34: REMOÇÃO DE CHAPAS E PERFIS DE DRYWALL, DE FORMA MANUAL, SEM REAPROVEITAMENTO. AF_09/2023 | F34: M2 | G34: 3.15 | H34: 0 | I34: =ROUND(ROUND(H34,2)*(1+J$7),2) -> 0 | J34: =ROUND(G34*I34,2) -> 0
B35: 3 | E35: UNIDADE IV - DST | J35: =J36+J55+J61 -> 0
B36: 3.1 | E36: CIRCULAÇÃO 5 | J36: =SUM(J37:J54) -> 0
B37: 3.1.1 | C37: SINAPI | D37: 94342 | E37: ATERRO MANUAL DE VALAS COM AREIA PARA ATERRO. AF_08/2023 | F37: M3 | G37: 3.24 | H37: 0 | I37: =ROUND(ROUND(H37,2)*(1+J$7),2) -> 0 | J37: =ROUND(G37*I37,2) -> 0
B38: 3.1.2 | C38: SINAPI | D38: 87879 | E38: CHAPISCO APLICADO EM ALVENARIAS E ESTRUTURAS DE CONCRETO INTERNAS, COM COLHER DE PEDREIRO. ARGAMASSA TRAÇO 1:3 COM PREPARO EM BETONEIRA 400L. AF_10/2022 | F38: M2 | G38: 16.4 | H38: 0 | I38: =ROUND(ROUND(H38,2)*(1+J$7),2) -> 0 | J38: =ROUND(G38*I38,2) -> 0
B39: 3.1.3 | C39: SINAPI | D39: 87529 | E39: MASSA ÚNICA, EM ARGAMASSA TRAÇO 1:2:8, PREPARO MECÂNICO, APLICADA MANUALMENTE EM PAREDES INTERNAS DE AMBIENTES COM ÁREA ENTRE 5M² E 10M², E = 17,5MM, COM TALISCAS. AF_03/2024 | F39: M2 | G39: 11.59 | H39: 0 | I39: =ROUND(ROUND(H39,2)*(1+J$7),2) -> 0 | J39: =ROUND(G39*I39,2) -> 0
B40: 3.1.4 | C40: CDHU-D | D40: 24.01.030 | E40: CAIXILHO EM FERRO BASCULANTE, SOB MEDIDA | F40: M2 | G40: 8.84 | H40: 0 | I40: =ROUND(ROUND(H40,2)*(1+J$7),2) -> 0 | J40: =ROUND(G40*I40,2) -> 0
B41: 3.1.5 | C41: CDHU-D | D41: 26.01.230 | E41: VIDRO FANTASIA DE 3/4 MM | F41: M2 | G41: 8.84 | H41: 0 | I41: =ROUND(ROUND(H41,2)*(1+J$7),2) -> 0 | J41: =ROUND(G41*I41,2) -> 0
B42: 3.1.6 | C42: FDE | D42: 02.01.010 | E42: APILOAMENTO PARA SIMPLES REGULARIZACAO | F42: M2 | G42: 32.33 | H42: 0 | I42: =ROUND(ROUND(H42,2)*(1+J$7),2) -> 0 | J42: =ROUND(G42*I42,2) -> 0
B43: 3.1.7 | C43: SINAPI | D43: 97113 | E43: APLICAÇÃO DE LONA PLÁSTICA PARA EXECUÇÃO DE PAVIMENTOS DE CONCRETO. AF_04/2022 | F43: M2 | G43: 32.33 | H43: 0 | I43: =ROUND(ROUND(H43,2)*(1+J$7),2) -> 0 | J43: =ROUND(G43*I43,2) -> 0
B44: 3.1.8 | C44: SINAPI | D44: 96620 | E44: LASTRO DE CONCRETO MAGRO, APLICADO EM PISOS, LAJES SOBRE SOLO OU RADIERS. AF_01/2024 | F44: M3 | G44: 1.94 | H44: 0 | I44: =ROUND(ROUND(H44,2)*(1+J$7),2) -> 0 | J44: =ROUND(G44*I44,2) -> 0
B45: 3.1.9 | C45: SINAPI | D45: 87745 | E45: CONTRAPISO EM ARGAMASSA TRAÇO 1:4 (CIMENTO E AREIA), PREPARO MECÂNICO COM BETONEIRA 400 L, APLICADO EM ÁREAS MOLHADAS SOBRE LAJE, ADERIDO, ACABAMENTO NÃO REFORÇADO, ESPESSURA 3CM. AF_07/2021 | F45: M2 | G45: 32.33 | H45: 0 | I45: =ROUND(ROUND(H45,2)*(1+J$7),2) -> 0 | J45: =ROUND(G45*I45,2) -> 0
B46: 3.1.10 | C46: CDHU-D | D46: 18.08.062 | E46: REVESTIMENTO EM PORCELANATO ESMALTADO POLIDO PARA ÁREA INTERNA E AMBIENTE COM TRÁFEGO MÉDIO, GRUPO DE ABSORÇÃO BIA, ASSENTADO COM ARGAMASSA COLANTE INDUSTRIALIZADA, REJUNTADO | F46: M2 | G46: 32.33 | H46: 0 | I46: =ROUND(ROUND(H46,2)*(1+J$7),2) -> 0 | J46: =ROUND(G46*I46,2) -> 0
B47: 3.1.11 | C47: CDHU-D | D47: 18.08.072 | E47: RODAPÉ EM PORCELANATO ESMALTADO POLIDO PARA ÁREA INTERNA E AMBIENTE COM TRÁFEGO MÉDIO, GRUPO DE ABSORÇÃO BIA, ASSENTADO COM ARGAMASSA COLANTE INDUSTRIALIZADA, REJUNTADO | F47: M | G47: 32.87 | H47: 0 | I47: =ROUND(ROUND(H47,2)*(1+J$7),2) -> 0 | J47: =ROUND(G47*I47,2) -> 0
B48: 3.1.12 | C48: SINAPI | D48: 88484 | E48: FUNDO SELADOR ACRÍLICO, APLICAÇÃO MANUAL EM TETO, UMA DEMÃO. AF_04/2023 | F48: M2 | G48: 32.33 | H48: 0 | I48: =ROUND(ROUND(H48,2)*(1+J$7),2) -> 0 | J48: =ROUND(G48*I48,2) -> 0
... B54: 3.1.18 | C54: SINAPI | D54: 100759 | E54: PINTURA COM TINTA ALQUÍDICA DE ACABAMENTO (ESMALTE SINTÉTICO BRILHANTE) PULVERIZADA SOBRE SUPERFÍCIES METÁLICAS (EXCETO PERFIL) EXECUTADO EM OBRA (02 DEMÃOS). AF_01/2020_PE | F54: M2 | G54: 26.62 | H54: 0 | I54: =ROUND(ROUND(H54,2)*(1+J$7),2) -> 0 | J54: =ROUND(G54*I54,2) -> 0
B55: 3.2 | E55: REFEITORIO | J55: =SUM(J56:J60) -> 0
B56: 3.2.1 | C56: FDE | D56: 16.31.025 | E56: ESTACA REACAO P/20T CRAVADA ATE 5,00 M DE PROFUNDIDADE | F56: UN | G56: 2 | H56: 0 | I56: =ROUND(ROUND(H56,2)*(1+J$7),2) -> 0 | J56: =ROUND(G56*I56,2) -> 0
B57: 3.2.2 | C57: SINAPI | D57: 88485 | E57: FUNDO SELADOR ACRÍLICO, APLICAÇÃO MANUAL EM PAREDE, UMA DEMÃO. AF_04/2023 | F57: M2 | G57: 88.61 | H57: 0 | I57: =ROUND(ROUND(H57,2)*(1+J$7),2) -> 0 | J57: =ROUND(G57*I57,2) -> 0
B58: 3.2.3 | C58: SINAPI | D58: 88497 | E58: EMASSAMENTO COM MASSA LÁTEX, APLICAÇÃO EM PAREDE, DUAS DEMÃOS, LIXAMENTO MANUAL. AF_04/2023 | F58: M2 | G58: 88.61 | H58: 0 | I58: =ROUND(ROUND(H58,2)*(1+J$7),2) -> 0 | J58: =ROUND(G58*I58,2) -> 0
B59: 3.2.4 | C59: SINAPI | D59: 88488 | E59: PINTURA LÁTEX ACRÍLICA PREMIUM, APLICAÇÃO MANUAL EM TETO, DUAS DEMÃOS. AF_04/2023 | F59: M2 | G59: 88.61 | H59: 0 | I59: =ROUND(ROUND(H59,2)*(1+J$7),2) -> 0 | J59: =ROUND(G59*I59,2) -> 0
B60: 3.2.5 | C60: SINAPI | D60: 100759 | E60: PINTURA COM TINTA ALQUÍDICA DE ACABAMENTO (ESMALTE SINTÉTICO BRILHANTE) PULVERIZADA SOBRE SUPERFÍCIES METÁLICAS (EXCETO PERFIL) EXECUTADO EM OBRA (02 DEMÃOS). AF_01/2020_PE | F60: M2 | G60: 33.69 | H60: 0 | I60: =ROUND(ROUND(H60,2)*(1+J$7),2) -> 0 | J60: =ROUND(G60*I60,2) -> 0
B61: 3.3 | E61: CIRCULAÇÃO 4 | J61: =SUM(J62:J68) -> 0
B62: 3.3.1 | C62: SINAPI | D62: 88484 | E62: FUNDO SELADOR ACRÍLICO, APLICAÇÃO MANUAL EM TETO, UMA DEMÃO. AF_04/2023 | F62: M2 | G62: 16.1 | H62: 0 | I62: =ROUND(ROUND(H62,2)*(1+J$7),2) -> 0 | J62: =ROUND(G62*I62,2) -> 0
B63: 3.3.2 | C63: SINAPI | D63: 88485 | E63: FUNDO SELADOR ACRÍLICO, APLICAÇÃO MANUAL EM PAREDE, UMA DEMÃO. AF_04/2023 | F63: M2 | G63: 146.14 | H63: 0 | I63: =ROUND(ROUND(H63,2)*(1+J$7),2) -> 0 | J63: =ROUND(G63*I63,2) -> 0
B64: 3.3.3 | C64: SINAPI | D64: 88496 | E64: EMASSAMENTO COM MASSA LÁTEX, APLICAÇÃO EM TETO, DUAS DEMÃOS, LIXAMENTO MANUAL. AF_04/2023 | F64: M2 | G64: 16.1 | H64: 0 | I64: =ROUND(ROUND(H64,2)*(1+J$7),2) -> 0 | J64: =ROUND(G64*I64,2) -> 0
B65: 3.3.4 | C65: SINAPI | D65: 88497 | E65: EMASSAMENTO COM MASSA LÁTEX, APLICAÇÃO EM PAREDE, DUAS DEMÃOS, LIXAMENTO MANUAL. AF_04/2023 | F65: M2 | G65: 146.14 | H65: 0 | I65: =ROUND(ROUND(H65,2)*(1+J$7),2) -> 0 | J65: =ROUND(G65*I65,2) -> 0
B66: 3.3.5 | C66: SINAPI | D66: 88488 | E66: PINTURA LÁTEX ACRÍLICA PREMIUM, APLICAÇÃO MANUAL EM TETO, DUAS DEMÃOS. AF_04/2023 | F66: M2 | G66: 16.1 | H66: 0 | I66: =ROUND(ROUND(H66,2)*(1+J$7),2) -> 0 | J66: =ROUND(G66*I66,2) -> 0
B67: 3.3.6 | C67: SINAPI | D67: 88489 | E67: PINTURA LÁTEX ACRÍLICA PREMIUM, APLICAÇÃO MANUAL EM PAREDES, DUAS DEMÃOS. AF_04/2023 | F67: M2 | G67: 146.14 | H67: 0 | I67: =ROUND(ROUND(H67,2)*(1+J$7),2) -> 0 | J67: =ROUND(G67*I67,2) -> 0
B68: 3.3.7 | C68: SINAPI | D68: 96486 | E68: FORRO EM RÉGUAS DE PVC, LISO, PARA AMBIENTES COMERCIAIS, INCLUSIVE ESTRUTURA BIDIRECIONAL DE FIXAÇÃO. AF_08/2023_PS | F68: M2 | G68: 1.49 | H68: 0 | I68: =ROUND(ROUND(H68,2)*(1+J$7),2) -> 0 | J68: =ROUND(G68*I68,2) -> 0
B69: 4 | E69: UNIDADE I - SAE | J69: =J70+J77 -> 0
B70: 4.1 | E70: CORREDOR 2 | J70: =SUM(J71:J76) -> 0
B71: 4.1.1 | C71: CDHU-D | D71: 25.02.042 | E71: PORTA DE CORRER EM ALUMÍNIO TIPO LAMBRI BRANCO, SOB MEDIDA | F71: M2 | G71: 4.41 | H71: 0 | I71: =ROUND(ROUND(H71,2)*(1+J$7),2) -> 0 | J71: =ROUND(G71*I71,2) -> 0
B72: 4.1.2 | C72: SINAPI | D72: 90830 | E72: FECHADURA DE EMBUTIR COM CILINDRO, EXTERNA, COMPLETA, ACABAMENTO PADRÃO MÉDIO, INCLUSO EXECUÇÃO DE FURO - FORNECIMENTO E INSTALAÇÃO. AF_12/2019 | F72: UN | G72: 2 | H72: 0 | I72: =ROUND(ROUND(H72,2)*(1+J$7),2) -> 0 | J72: =ROUND(G72*I72,2) -> 0
B73: 4.1.3 | C73: SINAPI | D73: 100874 | E73: PUXADOR PARA PCD, FIXADO NA PORTA - FORNECIMENTO E INSTALAÇÃO. AF_01/2020 | F73: UN | G73: 1 | H73: 0 | I73: =ROUND(ROUND(H73,2)*(1+J$7),2) -> 0 | J73: =ROUND(G73*I73,2) -> 0
B74: 4.1.4 | C74: CDHU-D | D74: 25.01.020 | E74: CAIXILHO EM ALUMÍNIO FIXO, SOB MEDIDA | F74: M2 | G74: 3.57 | H74: 0 | I74: =ROUND(ROUND(H74,2)*(1+J$7),2) -> 0 | J74: =ROUND(G74*I74,2) -> 0
B75: 4.1.5 | C75: CDHU-D | D75: 26.01.230 | E75: VIDRO FANTASIA DE 3/4 MM | F75: M2 | G75: 2.52 | H75: 0 | I75: =ROUND(ROUND(H75,2)*(1+J$7),2) -> 0 | J75: =ROUND(G75*I75,2) -> 0
B76: 4.1.6 | C76: FDE | D76: 16.35.003 | E76: ESCARIFICACAO COM DISCO DE DESBASTE ATE 0,5CM DE PROFUNDIDADE | F76: M2 | G76: 1 | H76: 0 | I76: =ROUND(ROUND(H76,2)*(1+J$7),2) -> 0 | J76: =ROUND(G76*I76,2) -> 0
B77: 4.2 | E77: AC | J77: =SUM(J78:J92) -> 0
B78: 4.2.1 | C78: COMP. | D78: COMP. 004 | E78: =Comp!D14 -> ADEQUAÇÃO DA PORTA METALICA ABRIR DUAS FOLHAS - INVERTER FOLHA DE ABERTURA | F78: UN | G78: 1 | H78: 0 | I78: =ROUND(ROUND(H78,2)*(1+J$7),2) -> 0 | J78: =ROUND(G78*I78,2) -> 0
B79: 4.2.2 | C79: SINAPI | D79: 96370 | E79: PAREDE COM SISTEMA EM CHAPAS DE GESSO PARA DRYWALL, USO INTERNO, COM UMA FACE SIMPLES E ESTRUTURA METÁLICA COM GUIAS SIMPLES, SEM VÃOS. AF_07/2023_PS | F79: M2 | G79: 3.15 | H79: 0 | I79: =ROUND(ROUND(H79,2)*(1+J$7),2) -> 0 | J79: =ROUND(G79*I79,2) -> 0
B80: 4.2.3 | C80: SINAPI | D80: 104761 | E80: FURO MECANIZADO EM CONCRETO, COM MARTELO DEMOLIDOR, PARA INSTALAÇÕES ELÉTRICAS, DIÂMETROS MENORES OU IGUAIS A 40 MM. AF_09/2023 | F80: UN | G80: 1 | H80: 0 | I80: =ROUND(ROUND(H80,2)*(1+J$7),2) -> 0 | J80: =ROUND(G80*I80,2) -> 0
B81: 4.2.4 | C81: SINAPI | D81: 90439 | E81: FURO MECANIZADO EM CONCRETO, COM MARTELO DEMOLIDOR, PARA INSTALAÇÕES HIDRÁULICAS, DIÂMETROS MENORES OU IGUAIS A 40 MM. AF_09/2023 | F81: UN | G81: 1 | H81: 0 | I81: =ROUND(ROUND(H81,2)*(1+J$7),2) -> 0 | J81: =ROUND(G81*I81,2) -> 0
B82: 4.2.5 | C82: CDHU-D | D82: 46.01.020 | E82: TUBO DE PVC RÍGIDO SOLDÁVEL MARROM, DN= 25 MM, (3/4´), INCLUSIVE CONEXÕES | F82: M | G82: 6 | H82: 0 | I82: =ROUND(ROUND(H82,2)*(1+J$7),2) -> 0 | J82: =ROUND(G82*I82,2) -> 0
B83: 4.2.6 | C83: CDHU-D | D83: 46.02.010 | E83: TUBO DE PVC RÍGIDO BRANCO, PONTAS LISAS, SOLDÁVEL, LINHA ESGOTO SÉRIE NORMAL, DN= 40 MM, INCLUSIVE CONEXÕES | F83: M | G83: 3 | H83: 0 | I83: =ROUND(ROUND(H83,2)*(1+J$7),2) -> 0 | J83: =ROUND(G83*I83,2) -> 0
B84: 4.2.7 | C84: SINAPI | D84: 89987 | E84: REGISTRO DE GAVETA BRUTO, LATÃO, ROSCÁVEL, 3/4", COM ACABAMENTO E CANOPLA CROMADOS - FORNECIMENTO E INSTALAÇÃO. AF_08/2021 | F84: UN | G84: 1 | H84: 0 | I84: =ROUND(ROUND(H84,2)*(1+J$7),2) -> 0 | J84: =ROUND(G84*I84,2) -> 0
B85: 4.2.8 | C85: SINAPI | D85: 91855 | E85: ELETRODUTO FLEXÍVEL CORRUGADO REFORÇADO, PVC, DN 25 MM (3/4"), PARA CIRCUITOS TERMINAIS, INSTALADO EM PAREDE - FORNECIMENTO E INSTALAÇÃO. AF_03/2023 | F85: M | G85: 3 | H85: 0 | I85: =ROUND(ROUND(H85,2)*(1+J$7),2) -> 0 | J85: =ROUND(G85*I85,2) -> 0
B86: 4.2.9 | C86: SINAPI | D86: 91941 | E86: CAIXA RETANGULAR 4" X 2" BAIXA (0,30 M DO PISO), PVC, INSTALADA EM PAREDE - FORNECIMENTO E INSTALAÇÃO. AF_03/2023 | F86: UN | G86: 1 | H86: 0 | I86: =ROUND(ROUND(H86,2)*(1+J$7),2) -> 0 | J86: =ROUND(G86*I86,2) -> 0
B87: 4.2.10 | C87: SINAPI | D87: 92001 | E87: TOMADA BAIXA DE EMBUTIR (1 MÓDULO), 2P+T 20 A, INCLUINDO SUPORTE E PLACA - FORNECIMENTO E INSTALAÇÃO. AF_03/2023 | F87: UN | G87: 1 | H87: 0 | I87: =ROUND(ROUND(H87,2)*(1+J$7),2) -> 0 | J87: =ROUND(G87*I87,2) -> 0
B88: 4.2.11 | C88: SINAPI | D88: 91926 | E88: CABO DE COBRE FLEXÍVEL ISOLADO, 2,5 MM², ANTI-CHAMA 450/750 V, PARA CIRCUITOS TERMINAIS - FORNECIMENTO E INSTALAÇÃO. AF_03/2023 | F88: M | G88: 21 | H88: 0 | I88: =ROUND(ROUND(H88,2)*(1+J$7),2) -> 0 | J88: =ROUND(G88*I88,2) -> 0
B89: 4.2.12 | C89: SINAPI | D89: 88485 | E89: FUNDO SELADOR ACRÍLICO, APLICAÇÃO MANUAL EM PAREDE, UMA DEMÃO. AF_04/2023 | F89: M2 | G89: 6.45 | H89: 0 | I89: =ROUND(ROUND(H89,2)*(1+J$7),2) -> 0 | J89: =ROUND(G89*I89,2) -> 0
B90: 4.2.13 | C90: SINAPI | D90: 88497 | E90: EMASSAMENTO COM MASSA LÁTEX, APLICAÇÃO EM PAREDE, DUAS DEMÃOS, LIXAMENTO MANUAL. AF_04/2023 | F90: M2 | G90: 6.45 | H90: 0 | I90: =ROUND(ROUND(H90,2)*(1+J$7),2) -> 0 | J90: =ROUND(G90*I90,2) -> 0
... B92: 4.2.15 | C92: SINAPI | D92: 100759 | E92: PINTURA COM TINTA ALQUÍDICA DE ACABAMENTO (ESMALTE SINTÉTICO BRILHANTE) PULVERIZADA SOBRE SUPERFÍCIES METÁLICAS (EXCETO PERFIL) EXECUTADO EM OBRA (02 DEMÃOS). AF_01/2020_PE | F92: M2 | G92: 7.25 | H92: 0 | I92: =ROUND(ROUND(H92,2)*(1+J$7),2) -> 0 | J92: =ROUND(G92*I92,2) -> 0
B93: 5 | E93: LIMPEZA FINAL | J93: =J94 -> 0
B94: 5.1 | E94: LIMPEZA FINAL DE OBRA | J94: =SUM(J95) -> 0
B95: 5.1.1 | C95: FDE | D95: 16.11.005 | E95: LIMPEZA DA OBRA | F95: M2 | G95: 114.7 | H95: 0 | I95: =ROUND(ROUND(H95,2)*(1+J$7),2) -> 0 | J95: =ROUND(G95*I95,2) -> 0
E97: TOTAL DO ORÇAMENTO | J97: =J16+J20+J35+J69+J93 -> 0

Sheet Comp
B4: COMPOSIÇÕES ANALITICAS AUXILIARES | H4: =planilha!I4 -> 46261
B8: Unidade | C8: =planilha!C7 -> COMPLEXO DE DOENÇAS CRÔNICAS TRANSMISSÍVEIS.
B9: Objeto | C9: =planilha!C8 -> REFORMA E ADEQUAÇÃO DA UNIDADE
B10: Local | C10: =planilha!C9 -> RUA IPIRANGA, 291
C11: =planilha!C10 -> VILA CURTI | F11: Cidade: | G11: =planilha!H10 -> SÃO JOSÉ DO RIO PRETO - SP
B14: COMP. 004 | D14: ADEQUAÇÃO DA PORTA METALICA ABRIR DUAS FOLHAS - INVERTER FOLHA DE ABERTURA | E14: UN | H14: =SUM(H16:H16) -> 0
B15: FONTE | C15: CÓDIGO | D15: DESCRIÇÃO DO INSUMO | E15: UNIDADE | F15: COEFICIENTE | G15: CUSTO UNITÁRIO | H15: CUSTO TOTAL
B16: COT. | D16: ADEQUAÇÃO DA PORTA METALICA ABRIR DUAS FOLHAS - INVERTER FOLHA DE ABERTURA, COM MUDANÇA DE FECHADURA, TRINCOS E MATA JUNTA. | E16: UN | F16: 1 | G16: 0 | H16: =IF(G16=0,"",ROUND(F16*G16,2))

Sheet CronoFF-1
J3: CRONOGRAMA FÍSICO - FINANCEIRO
B4: UNIDADE: | E4: =planilha!C7 -> COMPLEXO DE DOENÇAS CRÔNICAS TRANSMISSÍVEIS.
B5: OBJETO: | E5: =planilha!C8 -> REFORMA E ADEQUAÇÃO DA UNIDADE | M5: CIDADE: | N5: SÃO JOSÉ DO RIO PRETO - SP
B6: LOCAL: | E6: =planilha!C9 -> RUA IPIRANGA, 291 | F6: =planilha!C10 -> VILA CURTI
B7: ITEM | E7: DESCRIÇÃO | F7: VALOR (R$) | G7: % | H7: 1 | K7: 2 | N7: 3 | Q7: 4
H9: R$ | I9: % | J9: %ACUM. | K9: R$ | L9: % | M9: %ACUM. | N9: R$ | O9: % | P9: %ACUM. | Q9: R$ | R9: % | S9: %ACUM.
E10: REFORMA E ADEQUAÇÃO DA UNIDADE | F10: =planilha!J97 -> 0 | G10: =F10/F$12 -> #DIV/0! | H10: =$F10*I10% -> 0 | I10: 0 | J10: =I10 -> 0 | K10: =$F10*L10% -> 0 | L10: 0 | M10: =L10+J10 -> 0 | N10: =$F10*O10% -> 0 | O10: 0 | P10: =O10+M10 -> 0 | Q10: =$F10*R10% -> 0 | R10: 0 | S10: =R10+P10 -> 0
B12: TOTAIS | E12: ORÇAMENTO | F12: =SUM(F10:F10) -> 0 | G12: =SUM(G10:G10) -> #DIV/0!
E13: % EXECUTADO NO PERÍODO | H13: =H15/$F$12 -> #DIV/0! | K13: =K15/$F$12 -> #DIV/0! | N13: =N15/$F$12 -> #DIV/0! | Q13: =Q15/$F$12 -> #DIV/0!
E14: % ACUMULADO NO PERÍODO | H14: =H13 -> #DIV/0! | K14: =K13+H14 -> #DIV/0! | N14: =N13+K14 -> #DIV/0! | Q14: =Q13+N14 -> #DIV/0!
E15: VALOR (R$) EXECUTADO NO PERÍODO | H15: =SUM(H10:H10) -> 0 | K15: =SUM(K10:K10) -> 0 | N15: =SUM(N10:N10) -> 0 | Q15: =SUM(Q10:Q10) -> 0
E16: VALOR (R$) ACUMULADO NO PERÍODO | H16: =H15 -> 0 | K16: =K15+H16 -> 0 | N16: =N15+K16 -> 0 | Q16: =Q15+N16 -> 0
